 Dungeon Crawl Stone Soup version 0.29-a0-845-g6161e89988 (webtiles) character file.

Game seed: 771499066337700518

29677 jimonade the Thaumaturge (level 13, -6/97 HPs)
             Began as a Djinni Conjurer on July 15, 2022.
             Was a High Priest of Makhleb.
             Killed from afar by a blizzard demon (66 damage)
             ... with a freezing blast
             ... summoned by the player character
             ... on level 2 of the Orcish Mines.
             The game lasted 01:20:36 (18642 turns).

jimonade the Thaumaturge (Djinni Conjurer)         Turns: 18642, Time: 01:20:40

Health: -6/97      AC: 13    Str: 10    XL:     13   Next: 82%
Gold:   1318       EV: 13    Int: 19    God:    Makhleb [*****.] SH: 16 Dex: 14

rFire   + + .      SeeInvis .   a - +2 dagger (elec)
rCold   x . .      Faith    .   A - +2 kite shield
rNeg    . . .      Spirit   .   J - +0 steam dragon scales
rPois   ∞          Reflect  +   z - +2 hat
rElec   .          Harm     +   S - +0 cloak
rCorr   .          Rampage  .   (no gloves)
Will    +....                   (boots unavailable)
Stlth   ++........              v - amulet of Rioca {Reflect Harm Drain Regen+ SH+5}
HPRegen 1.06/turn               s - ring of wizardry
MPRegen 0.00/turn               w - +4 ring of protection

@: flying
A: sickness immunity, fire resistance 2, cold vulnerability 1, float, innate
caster, HP casting, extra vitality 1
a: Renounce Religion, Minor Destruction, Lesser Servant of Makhleb, Major
Destruction, Greater Servant of Makhleb


You were on level 2 of the Orcish Mines.
You worshipped Makhleb.
Makhleb was extremely pleased with you.
You visited 4 branches of the dungeon, and saw 16 of its levels.

You collected 1318 gold pieces.

Inventory:

Hand Weapons
 a - a +2 dagger of electrocution (weapon)
 d - a +1 vampiric battleaxe
 P - a +3 trident
 Q - a +3 great sword
Missiles
 p - 5 atropa-tipped darts
 F - 2 curare-tipped darts
 L - 5 silver javelins
 W - 2 throwing nets
Armour
 n - the +1 ring mail "Duilimo" {+Blink rF- SInv}
   (You found it on level 3 of the Dungeon)

   rF:        It makes you vulnerable to fire.
   SInv:      It lets you see invisible.
   +Blink:    It lets you blink.
 o - a +0 chain mail
 y - an orb of wrath
 z - a +2 hat (worn)
 A - a +2 kite shield (worn)
 I - a +0 buckler
 J - +0 steam dragon scales (worn)
 S - a +0 cloak (worn)
 Z - a +0 helmet
Jewellery
 s - a ring of wizardry (left hand)
 v - the amulet of Rioca (around neck) {Reflect Harm Drain Regen+ SH+5}
   (You found it on level 11 of the Dungeon)

   [amulet of reflection]

   It reflects blocked missile attacks.
   Regen:     It increases your rate of health regeneration.
   Drain:     It drains your maximum health when unequipped.
   SH:        It affects your SH (+5).
   Harm:      It increases damage dealt and taken.
 w - a +4 ring of protection (right hand)
 R - a ring of wizardry
Wands
 x - a wand of flame (19)
 D - a wand of quicksilver (4)
 N - a wand of digging (1)
 O - a wand of iceblast (6)
 V - a wand of mindburst (9)
Scrolls
 b - a scroll of fear {unknown}
 e - 2 scrolls of magic mapping
 k - 2 scrolls of brand weapon
 m - 2 scrolls of poison {unknown}
 t - 4 scrolls of enchant armour
 u - 3 scrolls of enchant weapon
 C - a scroll of identify
 E - 4 scrolls of blinking
 M - a scroll of teleportation {unknown}
 U - a scroll of acquirement {unknown}
 X - a scroll of silence {unknown}
 Y - a scroll of vulnerability {unknown}
Potions
 f - 10 potions of curing
 g - a potion of invisibility
 i - a potion of heal wounds
 j - 2 potions of brilliance
 q - a potion of berserk rage
 r - 2 potions of lignification
 B - 3 potions of haste
 G - 2 potions of magic
 H - a potion of cancellation
 K - a potion of flight
 T - 2 potions of mutation


   Skills:
 * Level 10.4 Fighting
 - Level 1.0 Short Blades
 + Level 4.8 Armour
 + Level 6.0 Dodging
 - Level 1.5 Stealth
 + Level 4.9 Shields
 + Level 14.3 Spellcasting


You had 9 spell levels left.
You knew the following spells:

 Your Spells              Type           Power      Damage    Failure   Level
a - Magic Dart            Conj           100%       1d8       1%          1
b - Searing Ray           Conj           100%       2d8       1%          2
c - Dazzling Flash        Conj/Hex       100%       N/A       1%          3
d - Fulminant Prism       Conj/Hex       30%        3d16      1%          4
e - Iskenderun's Mystic   Conj/Tloc      61%        2d13      1%          4
f - Slow                  Hex            100%       N/A       1%          1
g - Passwall              Tmut/Erth      50%        N/A       1%          2
h - Blink                 Tloc           100%       N/A       1%          2
i - Call Canine Familiar  Summ           61%        N/A       1%          3
j - Animate Armour        Summ/Erth      100%       N/A       1%          4
k - Lee's Rapid Deconstr  Erth           30%        3d17*     1%          5
Your spell library was empty.

Dungeon Overview and Level Annotations

Branches:
Dungeon (11/15)            Temple (1/1) D:5            Lair (2/6) D:10
    Orc (2/2) D:11            Elf (0/3) Orc:2
  Swamp: Lair:2-4    Shoals: Lair:2-4     Snake: Lair:2-4    Spider: Lair:2-4

Altars:
Ashenzari
Cheibriados
Dithmenos
Elyvilon
Fedhas
Gozag
Hepliaklqana
Makhleb
Nemelex Xobeh
Okawaru
Qazlal
Ru
Trog
Uskayaw
Wu Jian
Xom
Yredelemnul
Zin
The Shining One

Shops:
D:3 (   Orc:2 :==:

Annotations:
D:8 1 runed translucent door
D:9 3 runed translucent doors, MisterPants's ghost, novice TeBe
D:11 2 transporters, MisterPants's ghost, journeyman MiGl
Lair:1 exclusion: downstairs
Lair:2 Fannar


Innate Abilities, Weirdness & Mutations

You are immune to sickness and miasma.
You are immune to poison.
Your flesh is very heat resistant. (rF++)
You are vulnerable to cold. (rC-)
You float through the air rather than walking.
You learn spells naturally, not from books.
Your magical power is your life essence.
You have superior vitality. (+4 MHP)


Message History

You kill the orc!
Makhleb accepts your kill.
You feel better.
The blast of energy engulfs the blizzard demon!
The blizzard demon is heavily wounded.
The blizzard demon gestures at you. The bolt of cold misses you.
Casting: Iskenderun's Mystic Blast (safe; 1% risk of failure)
Confirm with . or Enter, or press ? or * to list all spells.
Aiming: Fulminant Prism (safe; 1% risk of failure)
Press: ? - help, Dir - move target You conjure a prism of explosive energy!
A fulminant prism comes into view.
Casting: Fulminant Prism (safe; 1% risk of failure)
Confirm with . or Enter, or press ? or * to list all spells.
You erupt in a blast of force!
The mystic blast hits the blizzard demon but does no damage.
The blizzard demon is heavily wounded.
Your fulminant prism crackles loudly.
You block the blizzard demon's attack.
The blizzard demon completely misses you.
Casting: Iskenderun's Mystic Blast (safe; 1% risk of failure)
Confirm with . or Enter, or press ? or * to list all spells.
You erupt in a blast of force!
The mystic blast hits the blizzard demon!
The blizzard demon is severely wounded.
The blizzard demon is knocked back by the mystic blast.
Your fulminant prism explodes!
The blast of energy engulfs the blizzard demon!
The blizzard demon is almost dead.
Casting: Iskenderun's Mystic Blast (safe; 1% risk of failure)
Confirm with . or Enter, or press ? or * to list all spells.
Aiming: Fulminant Prism (safe; 1% risk of failure)
Press: ? - help, Dir - move target You conjure a prism of explosive energy!
A fulminant prism comes into view.
The blizzard demon gestures at you. The freezing blast engulfs you!!!
You feel a terrible chill!
Ouch! That really hurt!
You die...

### #.# ########## ##
##.### ##.#...##.# #
##.##....# #...#..#...
..##........### ##......#.#
....#.......#.####.........
.....<.........##..........
.#.#...2.@...##...........
#).*)##................
...))..##.........#####...
...................# ##..
.........#.#.........# ...
..........#....#.....# ....
.............###.....# ....
.#..##$.....#. #.#.....
.##.... . #####...


You could see a blizzard demon (summoned, ally target) and a friendly fulminant
prism.

Vanquished Creatures
  2 hydras
  5 two-headed ogres
  An orc high priest (Orc:2)
  5 orc sorcerers (Orc:2)
  3 black mambas
  A rime drake (Lair:1)
  Psyche (D:8)
  A cane toad (Lair:1)
  2 komodo dragons
  2 trolls
  10 blink frogs
  Grinder (D:6)
  Sigmund (D:6)
  A shadow (D:10)
  48 yaks
  2 wyverns
  A basilisk (Lair:2)
  2 steam dragons
  4 vampire mosquitoes (D:11)
  Edmund (D:6)
  3 wargs
  6 water moccasins
  An ice beast (D:6)
  2 sky beasts
  15 orc warriors
  13 black bears
  4 ogres
  5 wolves (Lair:2)
  5 centaurs
  10 bullfrogs
  2 gnoll sergeants
  A necrophage (D:7)
  3 scorpions
  20 wights
  6 killer bees (D:10)
  3 howler monkeys
  An electric eel (Lair:1)
  3 hounds
  2 jellies
  A gnoll bouda (D:10)
  24 orc priests
  3 iguanas
  31 orc wizards
  7 hell rats
  16 gnolls
  4 adders
  2 shadow imps
  4 white imps (D:7)
  2 ufetubi (D:5)
  A worm (D:4)
  5 dart slugs
  51 orcs
  9 bats
  6 endoplasms
  4 giant cockroaches
  12 goblins
  9 hobgoblins
  4 jackals (D:4)
  2 quokkas (D:4)
  7 ball pythons
  3 frilled lizards
  7 kobolds
  2 rats
  2 bushes (D:6)
417 creatures vanquished.

Vanquished Creatures (collateral kills)
  2 howler monkeys (D:8)
2 creatures vanquished.

Vanquished Creatures (others)
  2 bushes
  196 fulminant prisms
  34 fungi
  90 plants
322 creatures vanquished.

Grand Total: 741 creatures vanquished

Notes
Turn   | Place    | Note
-------+----------+-------------------------------------------
     0 | D:1      | jimonade the Djinni Conjurer began the quest for the Orb.
     0 | D:1      | jimonade set off with the following spells memorised: Magic
                  | Dart, Searing Ray, Dazzling Flash, Fulminant Prism,
                  | Iskenderun's Mystic Blast.
     0 | D:1      | Reached XP level 1. HP: 15/15 MP: 0/0
   232 | D:1      | Reached XP level 2. HP: 17/22 MP: 0/0
   433 | D:1      | Reached skill level 1 in Fighting
   621 | D:1      | Found a faded altar of an unknown god.
   743 | D:1      | Reached XP level 3. HP: 14/27 MP: 0/0
   743 | D:1      | Learned a level 1 spell: Slow
  1545 | D:2      | Reached skill level 4 in Spellcasting
  1545 | D:2      | Reached XP level 4. HP: 28/32 MP: 0/0
  2200 | D:3      | Identified the +1 ring mail "Duilimo" {+Blink rF- SInv}
  2666 | D:3      | Found Mainem's Antique Weapon Emporium.
  2794 | D:3      | Reached XP level 5. HP: 26/38 MP: 0/0
  2794 | D:3      | Learned a level 2 spell: Passwall
  2966 | D:3      | Found a sacrificial altar of Ru.
  3293 | D:3      | Noticed an ogre
  3297 | D:3      | Killed an ogre
  3298 | D:3      | Reached XP level 6. HP: 30/45 MP: 0/0
  3552 | D:4      | Reached skill level 5 in Spellcasting
  3969 | D:4      | Noticed an ogre
  4120 | D:4      | Found a broken altar of Ashenzari.
  4260 | D:4      | Killed an ogre
  4261 | D:4      | Reached XP level 7. HP: 40/49 MP: 0/0
  4261 | D:4      | Learned a level 2 spell: Blink
  4356 | D:4      | Found a sparkling altar of Nemelex Xobeh.
  5050 | D:5      | Entered Level 5 of the Dungeon
  5151 | D:5      | Reached skill level 1 in Short Blades
  5237 | D:5      | Reached skill level 6 in Spellcasting
  5297 | D:5      | Found a staircase to the Ecumenical Temple.
  5307 | Temple   | Entered the Ecumenical Temple
  5472 | Temple   | Became a worshipper of Makhleb the Destroyer
  5501 | D:5      | Reached XP level 8. HP: 11/56 MP: 0/0
  6157 | D:5      | Found a hazy altar of Hepliaklqana.
  6566 | D:6      | Noticed Edmund
  6575 | D:6      | Killed Edmund
  6576 | D:6      | Reached skill level 1 in Armour
  6576 | D:6      | Reached skill level 7 in Spellcasting
  7197 | D:6      | Reached XP level 9. HP: 54/63 MP: 0/0
  7197 | D:6      | Learned a level 3 spell: Call Canine Familiar
  7383 | D:6      | Noticed Sigmund
  7389 | D:6      | Killed Sigmund
  7452 | D:6      | Noticed Grinder
  7533 | D:6      | Killed Grinder
  7534 | D:6      | Reached skill level 5 in Fighting
  7534 | D:6      | Reached skill level 8 in Spellcasting
  8635 | D:7      | Reached * piety under Makhleb
  9267 | D:7      | Reached XP level 10. HP: 44/72 MP: 0/0
  9481 | D:7      | Reached skill level 9 in Spellcasting
  9926 | D:8      | Noticed Psyche
  9932 | D:8      | Killed Psyche
  9933 | D:8      | Reached skill level 1 in Shields
  9940 | D:8      | Reached ** piety under Makhleb
 10308 | D:8      | Found a runed translucent door.
 10308 | D:8      | Noticed a sixfirhy
 10348 | D:8      | Reached XP level 11. HP: 73/79 MP: 0/0
 10348 | D:8      | Learned a level 4 spell: Animate Armour
 10824 | D:9      | Noticed a two-headed ogre
 10830 | D:9      | Killed a two-headed ogre
 10831 | D:9      | Reached skill level 10 in Spellcasting
 11050 | D:9      | Reached skill level 5 in Dodging
 11524 | D:9      | Found a runed translucent gate.
 11524 | D:9      | Found a runed translucent gate.
 11532 | D:9      | Found a runed translucent gate.
 12037 | D:9      | Noticed MisterPants's ghost (novice TeBe)
 12066 | D:10     | Entered Level 10 of the Dungeon
 12084 | D:10     | Reached skill level 11 in Spellcasting
 12085 | D:10     | Reached *** piety under Makhleb
 12201 | D:10     | Noticed a two-headed ogre
 12207 | D:10     | Killed a two-headed ogre
 12446 | D:10     | Noticed a two-headed ogre
 12454 | D:10     | Killed a two-headed ogre
 12455 | D:10     | Reached XP level 12. HP: 72/87 MP: 0/0
 12548 | D:10     | Found a staircase to the Lair.
 12593 | D:10     | Noticed a two-headed ogre
 12602 | D:10     | Killed a two-headed ogre
 13552 | Lair:1   | Entered Level 1 of the Lair of Beasts
 13575 | Lair:1   | Reached skill level 12 in Spellcasting
 13702 | Lair:1   | Reached **** piety under Makhleb
 14539 | Lair:1   | Noticed an eight-headed hydra
 14547 | Lair:1   | Killed an eight-headed hydra
 14968 | Lair:1   | Reached skill level 13 in Spellcasting
 14968 | Lair:1   | Reached XP level 13. HP: 85/94 MP: 0/0
 14968 | Lair:1   | Learned a level 5 spell: Lee's Rapid Deconstruction
 15502 | Lair:2   | Identified the +4 lajatang of Past Mistakes {vorpal, rN+
                  | Will+}
 15633 | Lair:2   | Noticed Fannar
 15672 | Lair:2   | HP: 4/96 [Fannar/bolt of cold (57)]
 16314 | D:11     | Found a transporter.
 16314 | D:11     | Found a transporter.
 16324 | D:11     | Noticed MisterPants's ghost (journeyman MiGl)
 16654 | D:11     | Noticed a seven-headed hydra
 16657 | D:11     | Killed a seven-headed hydra
 16668 | D:11     | Reached skill level 10 in Fighting
 16919 | D:11     | Found a staircase to the Orcish Mines.
 17045 | D:11     | Reached ***** piety under Makhleb
 17199 | D:11     | Identified the amulet of Rioca {Reflect Harm Drain Regen+
                  | SH+5}
 17675 | Orc:1    | Entered Level 1 of the Orcish Mines
 17860 | Orc:2    | Entered Level 2 of the Orcish Mines
 18152 | Orc:2    | Reached skill level 14 in Spellcasting
 18200 | Orc:2    | Paralysed by an orc sorcerer for 5 turns
 18292 | Orc:2    | Paralysed by an orc sorcerer for 4 turns
 18402 | Orc:2    | Found Jiuv's Jewellery Emporium.
 18402 | Orc:2    | Found Ugopoz's Book Shoppe.
 18403 | Orc:2    | Found Tevas's Jewellery Shoppe.
 18407 | Orc:2    | Found Acri's Book Emporium.
 18592 | Orc:2    | Found a staircase to the Elven Halls.
 18632 | Orc:2    | Noticed a blizzard demon
 18642 | Orc:2    | Killed from afar by a blizzard demon

Illustrated notes

Levels and vault maps discovered:
D:1:      matt_arrival_refuge, layout_basic, chequers_ecumenical_altar_island,
          minmay_tromino_v7
D:2:      minmay_inner_zag, layout_rooms
D:3:      layout_loops_cross, nicolae_ru_path_of_blood, serial_shops, shop
D:4:      mumra_celtic_spiral_tile, layout_basic, ashenzari_conservatory_becter,
          nemelex_altar_shiori
D:5:      layout_gridville, amcnicky_altar_gilded,
          minmay_temple_entry_nine_rooms
D:6:      layout_loops_corners, amcnicky_mini_pool_small, minmay_hedge_maze,
          uniq_grinder, uniq_sigmund, uniq_edmund
D:7:      layout_rooms
D:8:      cheibrodos_shockbox, layout_basic, uniq_psyche
D:9:      layout_basic, gammafunk_ghost_necromancy
D:10:     layout_layer_cave, due_lair_maze_entry_diamond, grunt_ministairs_15
D:11:     layout_loops_corners, orc_0_dummy, nzn_ghost_randoct
Temple:   nicolae_temple_bog_church
Lair:1:   layout_gridlike, serial_bayou, serial_bayou_pond_c,
          serial_bayou_lagoon_a, serial_bayou_shore_b, serial_bayou_pond_e,
          beast_lair_carwin_7
Lair:2:   nzn_winding_woodlands_large [nzn_winding_woodlands_5x5_cross,
          nzn_winding_woodlands_5x15_lazy_stream,
          nzn_winding_woodlands_5x5_open_star,
          nzn_winding_woodlands_center_pierced_h,
          nzn_winding_woodlands_15x15_five_gardens,
          nzn_winding_woodlands_center_garden,
          nzn_winding_woodlands_5x5_default,
          nzn_winding_woodlands_5x15_concentric,
          nzn_winding_woodlands_5x5_default], layout_loops_ring,
          chequers_serial_rivers_micro_d, uniq_fannar, uniq_sonja
Orc:1:    layout_caves, basic_altar
Orc:2:    st_orc_mages, layout_diamond_mine

Skill      XL: |  1  2  3  4  5  6  7  8  9 10 11 12 13 |
---------------+----------------------------------------+-----
Fighting       | 1 2 3 4 5 7 8 9 10 | 10.4
Spellcasting   | 4 5 6 7 8 9 11 13 14 | 14.3
Short Blades   | 1 |  1.0
Dodging        | 3 4 5 6 |  6.0
Armour         | 1 3 4 |  4.8
Shields        | 2 4 |  4.9
Stealth        | |  1.5

Action                   |  1- 3 |  4- 6 |  7- 9 | 10-12 | 13-15 || total
-------------------------+-------+-------+-------+-------+-------++-------
Melee: Dagger            |     3 |    18 |    10 |    15 |     1 ||    47
 Fire: Sling             |     8 |       |       |       |       ||     8
 Cast: Magic Dart        |    63 |    66 |    62 |    54 |    57 ||   302
       Searing Ray       |       |    21 |    42 |    43 |    14 ||   120
       Fulminant Prism   |       |     3 |    23 |    94 |    77 ||   197
       Iskenderun's Myst |       |     2 |     8 |    57 |    36 ||   103
       Slow              |       |     1 |       |     5 |    12 ||    18
       Animate Armour    |       |       |       |     2 |       ||     2
       Call Canine Famil |       |       |       |     1 |     1 ||     2
       Lee's Rapid Decon |       |       |       |       |     8 ||     8
       Blink             |       |       |       |       |     1 ||     1
Invok: Greater Servant o |       |       |       |       |     1 ||     1
  Use: Scroll            |       |       |       |    17 |     3 ||    20
 Stab: Sleeping          |       |     1 |       |       |       ||     1
Armor: Robe              |     5 |     7 |     5 |       |       ||    17
       Leather armour    |       |       |     5 |       |       ||     5
       Steam dragon scal |       |       |    10 |    10 |     7 ||    27
Dodge: Dodged            |     8 |    16 |    25 |    19 |    23 ||    91
Block: Kite shield       |       |       |    13 |    36 |    21 ||    70
       Buckler           |       |       |     1 |       |       ||     1
       Reflection        |       |       |       |       |     3 ||     3

Table legend: (Time is in decaauts)
 A = Elapsed time spent in this place.
 B = Non-inter-level travel time spent in this place.
 C = Inter-level travel time spent in this place.
 D = Time resting spent in this place.
 E = Time spent auto-exploring this place.
 F = Levels seen in this place.
 G = Mean time per level.
                   A        B        C        D        E       F      G
               +--------+--------+--------+--------+--------+-----+--------+
         Total |  18659 |  18114 |    545 |   3615 |  11523 |  16 | 1166.2 |
       Dungeon |  15110 |  14691 |    419 |   2773 |   9815 |  11 | 1373.6 |
        Temple |    178 |    148 |     30 |      0 |    134 |   1 |  178.0 |
          Lair |   2421 |   2335 |     86 |    813 |   1049 |   2 | 1210.5 |
  Orcish Mines |    949 |    940 |      9 |     29 |    525 |   2 |  474.5 |
               +--------+--------+--------+--------+--------+-----+--------+

Top non-repeatable levels by time:
     D:6: 2404 daAuts
  Lair:1: 2216 daAuts
     D:9: 1617 daAuts
     D:4: 1518 daAuts
    D:10: 1487 daAuts
    D:11: 1379 daAuts
     D:5: 1360 daAuts
     D:3: 1341 daAuts
     D:1: 1205 daAuts
     D:7: 1137 daAuts
     D:2: 986 daAuts
   Orc:2: 761 daAuts
     D:8: 672 daAuts
  Lair:2: 204 daAuts
   Orc:1: 188 daAuts
